 Dungeon Crawl Stone Soup version 0.30-a0-166-g5d06c95188 (webtiles) character file.

Game seed: 3389385175480977987

153 qw the Chopper (level 5, -4/32 HPs)
             Began as a Gargoyle Fighter on Sept 29, 2022.
             Killed from afar by an orc wizard (6 damage)
             ... with a magic dart
             ... on level 2 of the Dungeon.
             The game lasted 00:01:16 (2490 turns).

qw the Chopper (Gargoyle Fighter)                   Turns: 2490, Time: 00:01:16

Health: -4/32      AC: 10    Str: 22    XL:     5   Next: 35%
Magic:  5/5        EV:  9    Int:  8    God:
Gold:   160        SH:  4    Dex:  9    Spells: 4/4 levels left

rFire   . . .      SeeInvis .    Y - +0 war axe
rCold   . . .      Faith    .    c - +0 buckler
rNeg    + . .      Spirit   .    b - +0 scale mail
rPois   inf        Reflect  .    (no helmet)
rElec   +          Harm     .    (no cloak)
rCorr   .          Rampage  .    (no gloves)
Will    .....                    (no boots)
Stlth   ..........               (no amulet)
HPRegen 0.10/turn                (no ring)
MPRegen 0.09/turn                (no ring)

@: no status effects
A: sickness immunity, AC +4, negative energy resistance 1, electricity
resistance, torment resistance 1, petrification resistance
a: no special abilities


You were on level 2 of the Dungeon.
You visited 1 branch of the dungeon, and saw 3 of its levels.

You collected 160 gold pieces.


Innate Abilities, Weirdness & Mutations

You are immune to sickness and miasma.
Your stone body is resilient. (AC +4)
You are immune to poison.
You resist negative energy. (rN+)
You are resistant to electric shocks. (rElec)
You are resistant to unholy torment.
You are immune to petrification.


   Skills:
 - Level 3.2 Fighting
 + Level 4.9 Axes
 - Level 3.2 Armour
 - Level 3.2 Shields


You had 4 spell levels left.
You didn't know any spells.
Your spell library was empty.

Inventory:

Hand Weapons
 e - a +0 flail
 Y - a +0 war axe (weapon)
Armour
 b - a +0 scale mail (worn)
 c - a +0 buckler (worn)
Scrolls
 g - a scroll of identify
Potions
 a - a potion of lignification
 d - a potion of might
 l - a potion of cancellation
 n - a potion of berserk rage {unknown}

Dungeon Overview and Level Annotations

Branches:
Dungeon (3/15)

Altars:


Message History

The orc wizard is severely wounded.
The orc wizard casts a spell at you.
You are confused.
You bump into the rock wall.
The orc wizard hits you but does no damage.
You barely miss the orc wizard.
The orc wizard is severely wounded.
The orc wizard barely misses you.
The orc wizard hits you but does no damage.
The orc wizard casts a spell.
The orc wizard flickers and vanishes!
Deactivating autopickup; reactivate with Ctrl-A.
Things that are here:
a +0 ring mail; a +0 dagger; an orc corpse You're too confused to attack without stumbling around!
There is a strange disturbance nearby!
You're too confused to attack without stumbling around!
There is a strange disturbance nearby!
Something hits you but does no damage.
You're too confused to attack without stumbling around!
There is a strange disturbance nearby!
You feel less confused. Something hits you but does no damage.
You miss something. Something hits you but does no damage.
You miss something. Something hits you.
You hit something. Something hits you but does no damage. Something hits you.
You miss something. Something hits you but does no damage.
You closely miss something. Something hits you.
You completely miss something. Something hits you but does no damage.
You block something's attack.
You miss something.
You hear some strange, mumbled words.
A magic dart appears from out of thin air!
The magic dart hits you.
You die...

#.# #.### #.# #.#
#.# #.# ##.## #.#
##...## #.###
#.....# ######....
#...([# #.........
#...{># #.########
##..@## ###.# #
#.### ##...# # #.#
##...## # #.#
##.....########
#.####..............
#.#.........########
#.#.####.....!......
#.#.# ##.########..
#...# #.# ##...


There were no monsters in sight!

Vanquished Creatures
  An orc priest (D:2)
  An orc wizard (D:3)
  3 adders (D:2)
  2 worms (D:2)
  A dart slug (D:1)
  3 orcs (D:2)
  12 bats
  4 giant cockroaches (D:2)
  5 goblins
  6 hobgoblins
  3 jackals (D:2)
  6 kobolds
  3 quokkas
  3 ball pythons
  2 frilled lizards (D:2)
  5 rats
60 creatures vanquished.

Notes
Turn   | Place    | Note
-------+----------+-------------------------------------------
     0 | D:1      | qw the Gargoyle Fighter began the quest for the Orb.
     0 | D:1      | Reached XP level 1. HP: 14/14 MP: 1/1
     0 | D:1      | 0 ||| qw: Version: 0.2-a-12-gaebbb33
     0 | D:1      | 0 ||| qw: Game counter: 1063
     0 | D:1      | 0 ||| qw: Always use a shield: true
     0 | D:1      | 0 ||| qw: God list: Okawaru
     0 | D:1      | 0 ||| qw: Allow faded altars: false
     0 | D:1      | 0 ||| qw: Do Orc after D:15 true
     0 | D:1      | 0 ||| qw: Do second Lair branch before Depths: true
     0 | D:1      | 0 ||| qw: Lair rune preference: random
     0 | D:1      | 0 ||| qw: Plans: Normal, Zot:1-4, God:TSO, Crypt, Tomb,
                  | Pan, Slime:5, Hells, Abyss, Orb
     0 | D:1      | 0 ||| PLANNING D:1-11
    31 | D:1      | Reached skill level 2 in Axes
   229 | D:1      | Reached XP level 2. HP: 19/19 MP: 2/2
   325 | D:1      | 325 ||| DROPPING +0 club.
   639 | D:1      | Reached skill level 3 in Axes
   778 | D:1      | 778 ||| DROPPING ring of wizardry.
   779 | D:1      | 779 ||| READING scroll labelled BUMEJ VASSITI.
   780 | D:1      | 780 ||| READING scroll labelled ONIENLAIJI.
   781 | D:1      | 781 ||| READING 3 scrolls labelled DIWIXO KUHAXEL.
   782 | D:1      | 782 ||| READING scroll labelled XAR HO BUAH.
   831 | D:1      | 831 ||| READING 2 scrolls of identify.
   831 | D:1      | 831 ||| IDENTIFYING metallic brown potion
   863 | D:2      | Reached XP level 3. HP: 23/23 MP: 3/3
   905 | D:2      | Identified the +9 falchion of Governance {speed, *Corrode
                  | rF+++ Str+3}
  1283 | D:2      | 1283 ||| Stepping ~*~*~tactically~*~*~ (stealth).
  1285 | D:2      | 1285 ||| Stepping ~*~*~tactically~*~*~ (stealth).
  1343 | D:2      | Found a faded altar of an unknown god.
  1422 | D:2      | Reached XP level 4. HP: 28/28 MP: 4/4
  1616 | D:2      | Reached skill level 4 in Axes
  1834 | D:2      | 1834 ||| READING scroll labelled APPIWKE YTORUJ.
  1835 | D:2      | 1835 ||| READING scroll labelled GAVVOGONORODGH.
  1838 | D:2      | 1838 ||| READING scroll labelled CAIRIM BAOHO.
  1839 | D:2      | 1839 ||| READING scroll labelled YTIECRI NOVEH.
  1840 | D:2      | 1840 ||| DRINKING 2 silvery potions.
  1888 | D:2      | 1888 ||| READING 3 scrolls of identify.
  1888 | D:2      | 1888 ||| IDENTIFYING amethyst potion
  1889 | D:2      | 1889 ||| READING 2 scrolls of identify.
  1889 | D:2      | 1889 ||| IDENTIFYING cyan potion
  1890 | D:2      | 1890 ||| DROPPING potion of ambrosia.
  1917 | D:3      | 1917 ||| STAIRDANCE
  1938 | D:3      | 1938 ||| STAIRDANCE
  2014 | D:2      | 2014 ||| DROPPING +0 whip.
  2018 | D:3      | 2018 ||| STAIRDANCE
  2043 | D:3      | HP: 7/28 [orc wizard/puff of flame (2)]
  2078 | D:3      | 2078 ||| FLEEEEING.
  2079 | D:3      | 2079 ||| STAIRDANCE
  2272 | D:3      | 2272 ||| STAIRDANCE
  2285 | D:2      | Reached XP level 5. HP: 23/32 MP: 5/5
  2370 | D:3      | 2370 ||| STAIRDANCE
  2397 | D:3      | 2397 ||| STAIRDANCE
  2428 | D:3      | 2428 ||| STAIRDANCE
  2430 | D:3      | 2430 ||| STAIRDANCE
  2432 | D:3      | 2432 ||| STAIRDANCE
  2435 | D:2      | 2435 ||| DRINKING potion of curing.
  2435 | D:2      | 2435 ||| (to cure confusion)
  2468 | D:2      | HP: 8/32 [something (3)]
  2485 | D:2      | HP: 6/32 [something (1)]
  2488 | D:2      | HP: 1/32 [something (4)]
  2490 | D:2      | Killed from afar by an orc wizard

Levels and vault maps discovered:
D:1:      mainiacjoe_arrival_reflecting_pool, layout_basic
D:2:      layout_loops_ring, basic_ecumenical_altar
D:3:      layout_rooms

Skill      XL: |  1  2  3  4 |
---------------+-------------+-----
Axes           | 2 3 4 |  4.9
Fighting       | |  3.2
Armour         | |  3.2
Shields        | |  3.2

Action                   |  1- 3 |  4- 6 || total
-------------------------+-------+-------++-------
Melee: War axe           |   146 |   103 ||   249
  Use: Scroll            |     5 |     6 ||    11
       Potion            |       |     2 ||     2
Armor: Scale mail        |    57 |   112 ||   169
Dodge: Dodged            |    77 |    65 ||   142
Block: Buckler           |    30 |    15 ||    45

Table legend:
 A = Non-vault XP
 B = Vault XP
 C = Vault XP percentage of total XP
 D = Non-vault monster count
 E = Vault monster count
 F = Vault count percentage of total count
                 A         B        C        D         E       F
            +---------+---------+-------+---------+---------+-------
      Total |     219 |       0 |   0.0 |      60 |       0 |   0.0
            +---------+---------+-------+---------+---------+-------
        D:1 |      33 |       0 |   0.0 |      18 |       0 |   0.0
        D:2 |     147 |       0 |   0.0 |      39 |       0 |   0.0
        D:3 |      39 |       0 |   0.0 |       3 |       0 |   0.0
            +---------+---------+-------+---------+---------+-------
